 Dungeon Crawl Stone Soup version 0.17.0 (webtiles) character file.

65697 patrick the Grappler (level 14, -13/124 HPs)
             Began as a Grey Draconian Transmuter on Nov 17, 2015.
             Was the Champion of Cheibriados.
             Mangled by an alligator (27 damage)
             ... on level 1 of the Swamp on Nov 18, 2015.
             The game lasted 00:59:41 (18386 turns).

patrick the Grappler (Grey Draconian Transmuter)   Turns: 18386, Time: 00:59:41

Health: -13/124    AC: 18    Str: 32    XL:     14   Next: 76%
Magic:  25/27      EV: 22    Int: 37    God:    Cheibriados [******]
Gold:   1139       SH:  0    Dex: 24    Spells: 6 memorised, 10 levels left

rFire  . . .     SeeInvis .       - Unarmed
rCold  + . .     Clarity  .     (armour unavailable)
rNeg   + . .     SustAt   .     (shield currently unavailable)
rPois  .         Gourm    .     (helmet restricted)
rElec  .         Spirit   .     p - +1 cloak
rCorr  .         Warding  .     (gloves currently unavailable)
rMut   .         Stasis   .     d - +2 pair of boots
MR     ++...                    (no amulet)
Stlth  ++........               f - +3 ring of slaying
                                P - ring "Qamala" {rC+ rN+ MR+ Int+2}

@: mighty, about to teleport, blade hands, marked, flying, very slightly
contaminated, very slow, very resistant to hostile enchantments, unstealthy
A: walk through water, unfitting armour, big wings, talons 1, clumsy 1,
unbreathing, cold-blooded, AC +13
a: Stop Flying, End Transformation, Bend Time, Temporal Distortion, Slouch, Step
From Time, Renounce Religion


You were on level 1 of the Swamp.
You worshipped Cheibriados.
Cheibriados was exalted by your worship.
You were very full.
You had blades for hands.
You visited 4 branches of the dungeon, and saw 18 of its levels.

You collected 1139 gold pieces.

Inventory:

Missiles
 a - 90 arrows
Armour
 d - a +2 pair of boots (worn)
 e - a +1 pair of gloves (melded)
 p - a +1 cloak (worn)
 B - a steam dragon hide
Jewellery
 f - a +3 ring of slaying (right scythe-like blade)
 g - an uncursed ring of poison resistance
 t - a cursed amulet of inaccuracy {unknown}
 w - an uncursed ring of see invisible
 P - the ring "Qamala" (left scythe-like blade) {rC+ rN+ MR+ Int+2}
   (You found it on level 6 of the Lair of Beasts)

   [ring of protection from magic]

   It affects your intelligence (+2).
   It protects you from cold.
   It protects you from negative energy.
   It affects your resistance to hostile enchantments.
Wands
 y - a wand of cold (8)
 A - a wand of draining (0)
 D - a wand of fireball (3)
 I - a wand of disintegration (10)
 J - a wand of lightning (8)
 S - a wand of fireball (5)
Scrolls
 k - 3 scrolls of identify
 m - 8 scrolls of remove curse
 G - 2 scrolls of vulnerability
 K - 2 scrolls of enchant weapon
 L - 2 scrolls of fog
 N - 3 scrolls of teleportation
 R - a scroll of blinking
Potions
 s - 3 potions of cure mutation
 u - 3 potions of curing
 v - a potion of brilliance
 z - 3 potions of might
 C - a potion of flight
 E - a potion of poison {unknown}
 M - a potion of agility
Comestibles
 c - 12 bread rations
 l - 7 meat rations


   Skills:
 + Level 11.0 Fighting
 + Level 9.6 Dodging
 * Level 14.2 Unarmed Combat
 + Level 9.4 Spellcasting
 + Level 0.1 Charms
 * Level 13.8 Transmutations
 + Level 3.2 Invocations


You had 10 spell levels left.
You knew the following spells:

 Your Spells              Type           Power        Failure   Level  Hunger
a - Beastly Appendage     Trmt           ######       3%          1    None
b - Sticks to Snakes      Trmt           #######...   3%          2    None
c - Spider Form           Trmt/Pois      ######....   12%         3    None
d - Ice Form              Ice/Trmt       ######..     17%         4    None
e - Blade Hands           Trmt           #######...   10%         5    ##.....
f - Deflect Missiles      Chrm/Air       ###.......   100%        6    #####..


Dungeon Overview and Level Annotations

Branches:
Dungeon (8/15)             Temple (1/1) D:5            Lair (8/8) D:8
  Swamp (1/4) Lair:3        Snake (0/4) Lair:5        Slime (0/6) Lair:7

Altars:
Ashenzari
Cheibriados
Dithmenos
Elyvilon
Fedhas
Gozag
Kikubaaqudgha
Makhleb
Nemelex Xobeh
Okawaru
Qazlal
Ru
Sif Muna
Trog
Vehumet
Xom
Yredelemnul
Zin
The Shining One


Innate Abilities, Weirdness & Mutations

You can walk through water.
Your dull iron-grey scales are very hard (AC +13).
Your body does not fit into most forms of armour.
You can survive without breathing.
You are cold-blooded and may be slowed by cold attacks.
Your large and strong wings let you fly indefinitely.
You have sharp toenails.
You are clumsy. (Dex -2)


Message History

You kill the slime creature!
Cheibriados thoroughly appreciates the change of pace.
A giant leech comes into view.
You completely miss the vampire mosquito.
You tail-slap the vampire mosquito!
The vampire mosquito is heavily damaged.
The vampire mosquito misses you. The alligator bites you!
* * * LOW HITPOINT WARNING * * *
The alligator misses you.
Unknown command.
Drink which item? (? for menu, Esc to quit)
You feel better.
The vampire mosquito bites you but does no damage.
The alligator bites you!
* * * LOW HITPOINT WARNING * * *
The alligator tail-slaps you!
* * * LOW HITPOINT WARNING * * *
The vampire mosquito completely misses you.
The alligator bites you!!
You die...

♣♣♣♣ ♣♣♣
♣♣♣♣♣♣≈≈♣♣♣♣♣♣♣♣♣..≈
..♣≈.≈≈.t≈.........≈≈.
....J.$@yJn..J<§.J≈≈≈≈
..≈≈..♣≈t≈♣...J...≈≈≈♣
....♣ ♣♣..≈.....≈♣≈≈♣♣
J♣♣ ♣≈≈≈..♣≈≈♣♣ ♣♣
♣♣....≈≈§♣ ♣§≈....>.♣
♣w........♣
♣.......≈≈?≈.
♣......≈≈≈≈≈..


You could see 2 alligators, a giant leech, 5 slime creatures, a bog body and a
vampire mosquito.

Vanquished Creatures
  The ghost of Guenter the Cleaver, a journeyman DsGl of Okawaru (Lair:6)
  5 dire elephants (Lair:8)
  An anaconda (Lair:8)
  4 hydras
  Erica (Lair:2)
  5 death yaks (Lair:6)
  Nergalle (Lair:1)
  An unseen horror (D:6)
  A griffon (Lair:5)
  38 elephants
  14 black mambas
  A torpor snail (Lair:8)
  4 fire drakes
  20 spiny frogs
  8 komodo dragons
  A polar bear (Lair:4)
  Grinder (D:6)
  3 boulder beetles
  2 giant leeches (Lair:3)
  A slime creature (Swamp:1)
  22 blink frogs
  2 wyverns
  3 vampire mosquitoes (Swamp:1)
  57 yaks
  A steam dragon (Lair:4)
  4 hippogriffs
  7 basilisks
  A hungry ghost (D:7)
  6 wolves
  A swamp worm (Lair:3)
  12 water moccasins
  3 black bears
  An orc warrior (D:8)
  8 porcupines
  2 ice beasts (D:8)
  A phantom (D:5)
  3 sky beasts
  5 ogres
  2 centaurs
  19 crocodiles
  Blork the orc (D:4)
  15 giant frogs
  6 scorpions
  3 killer bees (D:8)
  4 electric eels
  4 crimson imps
  2 giant frog zombies
  6 jellies
  4 hounds
  5 orc priests
  7 iguanas
  4 orc wizards
  11 worker ants
  15 sheep
  A hound zombie (D:7)
  7 gnolls
  16 adders
  43 river rats
  A shadow imp (D:6)
  3 oozes
  6 worms
  4 giant geckos
  32 orcs
  8 bats
  5 giant cockroaches
  6 goblins
  3 hobgoblins
  10 kobolds
  4 ball pythons
  5 giant newts
  5 jackals
  5 quokkas
  A quokka skeleton (D:4)
  8 rats
  3 plants (Lair:8)
536 creatures vanquished.

Vanquished Creatures (collateral kills)
  Menkaure (D:6)
  An adder (D:6)
2 creatures vanquished.

Vanquished Creatures (others)
  A hell rat (Lair:6)
  18 fungi
  19 plants
38 creatures vanquished.

Grand Total: 576 creatures vanquished

Notes
Turn   | Place    | Note
--------------------------------------------------------------
     0 | D:1      | patrick the Draconian Transmuter began the quest for the Orb.
     0 | D:1      | Reached XP level 1. HP: 16/16 MP: 3/3
   377 | D:1      | Reached XP level 2. HP: 23/23 MP: 3/5
   409 | D:1      | Learned a level 2 spell: Sticks to Snakes
   990 | D:2      | Reached XP level 3. HP: 18/28 MP: 6/6
  1207 | D:2      | Learned a level 3 spell: Spider Form
  1245 | D:2      | Reached XP level 4. HP: 32/36 MP: 7/7
  1630 | D:2      | Reached skill level 4 in Unarmed Combat
  2137 | D:3      | You fall through a shaft!
  2324 | D:3      | Reached XP level 5. HP: 42/42 MP: 6/8
  2933 | D:4      | Noticed Blork the orc
  2945 | D:4      | Killed Blork the orc
  2945 | D:4      | Reached XP level 6. HP: 50/50 MP: 1/10
  3344 | D:4      | Found a shimmering altar of Xom.
  3344 | D:4      | Found a radiant altar of Vehumet.
  3344 | D:4      | Found a shadowy altar of Dithmenos.
  3344 | D:4      | Found a shattered altar of Ashenzari.
  3351 | D:4      | Found an iron altar of Okawaru.
  3353 | D:4      | Found a basalt altar of Yredelemnul.
  3591 | D:5      | Entered Level 5 of the Dungeon
  3640 | D:5      | Reached skill level 5 in Unarmed Combat
  4252 | D:5      | Your scales start taking on a dull iron-grey colour.
  4252 | D:5      | Gained mutation: You can survive without breathing. [Grey Draconian growth]
  4252 | D:5      | Reached XP level 7. HP: 20/57 MP: 6/11
  4400 | D:5      | Learned a level 4 spell: Ice Form
  4615 | D:5      | Found a staircase to the Ecumenical Temple.
  4621 | Temple   | Entered the Ecumenical Temple
  4699 | Temple   | Became a worshipper of Cheibriados the Contemplative
  4853 | D:6      | Noticed Menkaure
  4868 | D:6      | Killed Menkaure
  5030 | D:6      | Noticed an unseen horror
  5051 | D:6      | Killed an unseen horror
  5051 | D:6      | Reached skill level 6 in Unarmed Combat
  5051 | D:6      | Reached skill level 5 in Transmutations
  5051 | D:6      | Reached XP level 8. HP: 36/66 MP: 13/13
  5125 | D:6      | Learned a level 5 spell: Blade Hands
  5464 | D:6      | Reached * piety under Cheibriados
  5490 | D:6      | Noticed Grinder
  5501 | D:6      | Reached skill level 7 in Unarmed Combat
  5912 | D:6      | Reached XP level 9. HP: 69/73 MP: 15/15
  5929 | D:6      | Killed Grinder
  5929 | D:6      | Reached skill level 5 in Fighting
  6574 | D:7      | Reached skill level 5 in Dodging
  6644 | D:7      | Reached ** piety under Cheibriados
  6842 | D:7      | Reached skill level 8 in Unarmed Combat
  7360 | D:8      | Reached skill level 5 in Spellcasting
  7370 | D:8      | Reached *** piety under Cheibriados
  7641 | D:8      | Reached XP level 10. HP: 83/83 MP: 17/17
  8347 | D:8      | Found a staircase to the Lair.
  8425 | Lair:1   | Entered Level 1 of the Lair of Beasts
  8425 | Lair:1   | Noticed a black mamba
  8435 | Lair:1   | Killed a black mamba
  8435 | Lair:1   | Reached skill level 9 in Unarmed Combat
  8745 | Lair:1   | Reached **** piety under Cheibriados
  9074 | Lair:1   | Noticed Nergalle
  9077 | Lair:1   | Killed Nergalle
  9243 | Lair:1   | Reached XP level 11. HP: 83/92 MP: 15/20
  9373 | Lair:2   | Reached ***** piety under Cheibriados
  9413 | Lair:2   | Reached skill level 10 in Unarmed Combat
  9414 | Lair:2   | Noticed Erica
  9427 | Lair:2   | HP: 2/92 [something/orb of energy (18)]
  9506 | Lair:2   | Killed Erica
 10701 | Lair:2   | Reached skill level 10 in Transmutations
 11025 | Lair:3   | Reached skill level 11 in Unarmed Combat
 11083 | Lair:3   | Reached XP level 12. HP: 93/103 MP: 19/22
 11099 | Lair:3   | Found a staircase to the Swamp.
 11101 | Lair:3   | Reached ****** piety under Cheibriados
 11602 | Swamp:1  | Entered Level 1 of the Swamp
 11810 | Lair:4   | Gained mutation: You have sharp toenails. [potion of beneficial mutation]
 12504 | Lair:5   | Noticed a four-headed hydra
 12512 | Lair:5   | Killed a four-headed hydra
 12846 | Lair:5   | Reached skill level 12 in Unarmed Combat
 12848 | Lair:5   | Noticed a four-headed hydra
 12863 | Lair:5   | Killed a four-headed hydra
 13338 | Lair:5   | Found a staircase to the Snake Pit.
 13376 | Lair:5   | Reached XP level 13. HP: 107/111 MP: 18/24
 13988 | Lair:5   | Gained mutation: You are clumsy. (Dex -2) [potion of mutation]
 13988 | Lair:5   | Gained mutation: Your large and strong wings let you fly indefinitely. [potion of mutation]
 14425 | Lair:6   | Got a glittering ivory ring
 14591 | Lair:6   | Noticed Guenter's ghost (journeyman DsGl)
 14597 | Lair:6   | Killed Guenter's ghost
 14600 | Lair:6   | Identified the ring "Qamala" {rC+ rN+ MR+ Int+2} (You found it on level 6 of the Lair of Beasts)
 14880 | Lair:6   | Reached skill level 10 in Fighting
 14880 | Lair:6   | Reached skill level 13 in Unarmed Combat
 15280 | Lair:7   | Found a staircase to the Slime Pits.
 15831 | Lair:8   | Entered Level 8 of the Lair of Beasts
 15836 | Lair:8   | Reached XP level 14. HP: 121/121 MP: 21/26
 17138 | Lair:8   | Reached skill level 1 in Invocations
 17318 | Lair:8   | Reached skill level 14 in Unarmed Combat
 17937 | Lair:8   | Identified the Compendium of the Escort
 18256 | Lair:1   | Learned a level 6 spell: Deflect Missiles
 18386 | Swamp:1  | Mangled by an alligator

Action                   |  1- 3 |  4- 6 |  7- 9 | 10-12 | 13-15 || total
-------------------------+-------+-------+-------+-------+-------++-------
Melee: Unarmed           |    64 |   352 |   382 |   442 |   405 ||  1645
 Cast: Beastly Appendage |    11 |    52 |    43 |     9 |       ||   115
       Sticks to Snakes  |       |     5 |     9 |     1 |       ||    15
       Blade Hands       |       |       |     2 |    59 |    57 ||   118
       Ice Form          |       |       |       |     2 |     1 ||     3
 Abil: Fly               |       |       |       |       |     2 ||     2
       Stop Flying       |       |       |       |       |     1 ||     1
       End Transformatio |       |       |       |       |     1 ||     1
Evoke: Wand              |       |       |       |       |     6 ||     6
  Use: Scroll            |     3 |     7 |     5 |     7 |     8 ||    30
       Potion            |     3 |     7 |     5 |     7 |     4 ||    26
 Stab: Sleeping          |     1 |       |     2 |     2 |     2 ||     7
       Distracted        |       |       |       |     1 |       ||     1
  Eat: Chunk             |     1 |    12 |     6 |    16 |     9 ||    44
       Fruit             |       |       |     2 |       |     8 ||    10
       Pizza             |       |       |     1 |     1 |       ||     2
       Beef jerky        |       |       |     1 |       |     4 ||     5
       Meat ration       |       |       |       |     1 |       ||     1
